 Dungeon Crawl Stone Soup version 0.16-a0-327-gbff0e38 (webtiles) character file.

28 Ratboiler the Sneak (level 3, 0/21 HPs)
             Began as an Octopode Wizard on Sept 5, 2014.
             Succumbed to an adder's poison
             ... on Level 2 of the Dungeon.
             The game lasted 00:04:31 (1239 turns).

Ratboiler the Sneak (Octopode Wizard)               Turns: 1239, Time: 00:04:32

HP   0/21        AC  1     Str 11      XL: 3   Next: 12%
MP   2/7         EV 12     Int 21      God:
Gold 41          SH  0     Dex 10      Spells:  3 memorised,  3 levels left

rFire  . . .     SeeInvis +     (no weapon)
rCold  . . .     Clarity  .     (no shield)
rNeg   . . .     rCorr    .     b - +0 hat
rPois  .         rRot     .     (no amulet)
rElec  .         Spirit   .     f - ring of see invisible
SustAb .         Warding  .     (no ring)
rMut   .         Stasis   .     (no ring)
Gourm  .                        (no ring)
MR     .....                    (no ring)
                                (no ring)
                                (no ring)
                                (no ring)

@: mighty, lethally poisoned, not resistant to hostile enchantments, fairly
stealthy
A: almost no armour, amphibious, 8 rings, constrict 8, camouflage 1, gelatinous
body 1
a: no special abilities


You were on level 2 of the Dungeon.
You were not hungry.

You visited 1 branch of the dungeon, and saw 2 of its levels.

You collected 41 gold pieces.

Inventory:

Armour
 b - a +0 hat (worn)
Comestibles
 d - 2 bread rations
 j - a rotting chunk of rat flesh
Scrolls
 a - a scroll of random uselessness {unknown}
 e - a scroll of noise {unknown}
 h - a scroll of amnesia {unknown}
Jewellery
 f - a ring of see invisible (left tentacle)
Books
 c - a book of Minor Magic

   Spells                             Type                      Level
   *Magic Dart                        Conjuration                  1
   *Blink                             Translocation                2
   *Call Imp                          Summoning                    2
   Repel Missiles                     Charms/Air                   2
   Slow                               Hexes                        2
   Conjure Flame                      Conjuration/Fire             3
   Mephitic Cloud                     Conjuration/Poison/Air       3


   Skills:
 - Level 2.0 Dodging
 + Level 3.3 Stealth
 - Level 3.0 Spellcasting
 * Level 2.0 Conjurations
 + Level 1.5 Summonings
 + Level 1.4 Translocations


You had 3 spell levels left.
You knew the following spells:

 Your Spells              Type           Power        Failure   Level  Hunger
a - Magic Dart            Conj           ##..         8%          1    None
b - Call Imp              Summ           #.......     12%         2    ##.....
c - Blink                 Tloc           N/A          12%         2    ##.....


Dungeon Overview and Level Annotations

Branches:
Dungeon (2/15)

Altars:


Innate Abilities, Weirdness & Mutations

You cannot wear most types of armour.
You are amphibious.
You can wear up to eight rings at the same time.
You can use your tentacles to constrict many enemies at once.
Your skin changes colour to match your surroundings (Stealth).
Your rubbery body absorbs attacks (AC +1).


Message History

* * * LOW HITPOINT WARNING * * *
You feel sick.
* * * LOW HITPOINT WARNING * * *
You feel sick.
* * * LOW HITPOINT WARNING * * *
You feel sick.
You see here a smoky orange potion.
g - a smoky orange potion
* * * LOW HITPOINT WARNING * * *
You feel sick.
Drink which item? (? for menu, Esc to quit)
You feel very mighty all of a sudden.
It was a potion of might.
* * * LOW HITPOINT WARNING * * *
You feel sick.
Your crimson imp disappears in a puff of smoke!
* * * LOW HITPOINT WARNING * * *
You feel sick.
You open the door.
You die...

..#### ###.....
#.......# #.......#
#.......+
#.......#######
#.............#
#######@#.####%#
#.........#<.#'####
#.(.......#.......#
#...%.....#....%..#
#.........#.......#
#.........##......#
#.........##....<.#
#.........##......#
##......#'##......#


There were no monsters in sight!

Vanquished Creatures
  2 adders (D:2)
  3 giant geckos (D:1)
  A hobgoblin (D:1)
  3 kobolds (D:1)
  A quokka (D:2)
  A bat (D:1)
  A giant newt (D:1)
  3 rats (D:1)
15 creatures vanquished.

Notes
Turn   | Place    | Note
--------------------------------------------------------------
     0 | D:1      | Ratboiler, the Octopode Wizard, began the quest for the Orb.
     0 | D:1      | Reached XP level 1. HP: 11/11 MP: 4/4
   337 | D:1      | Reached XP level 2. HP: 15/17 MP: 4/6
   341 | D:1      | Learned a level 2 spell: Call Imp
   344 | D:1      | Learned a level 2 spell: Blink
  1004 | D:1      | Noticed an ice beast
  1225 | D:2      | Reached XP level 3. HP: 7/21 MP: 1/7
  1236 | D:2      | HP: 1/21 [poisoned by an adder]
  1239 | D:2      | Succumbed to an adder's poison

Action                   || total
-------------------------++-------
Melee: Unarmed           ||    26
 Cast: Magic Dart        ||    26
       Call Imp          ||     5
  Use: Potion            ||     2
  Eat: Chunk             ||     1
